 Dungeon Crawl Stone Soup version 0.27-a0-40-g5f2be0e231 (webtiles) character file.

Game seed: 15522941024014374286

3477 Borgoz the Grappler (level 10, 0/90 HPs)
             Began as a Ghoul Gladiator on Jan 6, 2021.
             Was an Initiate of Ashenzari.
             Slain by a death yak (18 damage)
             ... on level 9 of the Dungeon.
             The game lasted 00:09:39 (8407 turns).

Borgoz the Grappler (Ghoul Gladiator)               Turns: 8407, Time: 00:09:40

Health: 0/90       AC: 11    Str: 19    XL:     10   Next: 6%
Magic:  9/9        EV: 16    Int:  8    God:    Ashenzari [......]
Gold:   436        SH:  0    Dex: 23    Spells: 9/9 levels left

rFire    . . .     SeeInvis .     - Unarmed
rCold    + . .     Faith    .   (no shield)
rNeg     + + +     Spirit   .   B - +1 chain mail "Boholea" {rPois Slay+5} (curse)
rPois    ∞         Reflect  .   b - +0 helmet
rElec    .         Harm     .   (no cloak)
rCorr    .         Rampage  .   (no gloves)
Will     .....                  (no boots)
Stlth    ..........             (no amulet)
HPRegen  0.00/turn              c - ring of Psychosis {EV+4 Int+5 Dex+4} (curse)
MPRegen  0.11/turn              y - +6 ring of dexterity (curse)

@: no status effects
A: claws 1, cold resistance 1, negative energy resistance 3, inhibited
regeneration, torment resistance, unbreathing
a: Renounce Religion, Curse Item


You were on level 9 of the Dungeon.
You worshipped Ashenzari.
Ashenzari was noncommittal.
You visited 2 branches of the dungeon, and saw 10 of its levels.

You collected 464 gold pieces.
You spent 28 gold pieces at shops.

Inventory:

Armour
 b - a +0 helmet (worn)
 B - the cursed +1 chain mail "Boholea" (worn) {rPois Slay+5}
   (You found it on level 9 of the Dungeon)

   It affects your accuracy and damage with ranged weapons and melee attacks
   (+5).
   It protects you from poison.
   It has a curse placed upon it.
Jewellery
 c - the cursed ring of Psychosis (left claw) {EV+4 Int+5 Dex+4}
   (You acquired it on level 9 of the Dungeon)

   [ring of evasion]

   It affects your evasion (+4).
   It affects your intelligence (+5).
   It affects your dexterity (+4).
   It has a curse placed upon it.
 g - an uncursed ring of magical power
 m - an uncursed ring of flight
 o - an uncursed ring of ice
 v - an uncursed ring of protection from fire
 y - a cursed +6 ring of dexterity (right claw)
Wands
 a - a wand of digging (5)
 w - a wand of acid (10)
 C - a wand of flame (26)
 D - a wand of enslavement (12)
Scrolls
 d - 5 scrolls of remove curse
 e - 3 scrolls of enchant armour {unknown}
 f - 2 scrolls of teleportation
 i - 4 scrolls of amnesia {unknown}
 j - 4 scrolls of noise {unknown}
 l - 2 scrolls of blinking {unknown}
 n - 2 scrolls of magic mapping {unknown}
 q - 2 scrolls of random uselessness {unknown}
 r - a scroll of fog {unknown}
 x - 3 scrolls of fear {unknown}
Potions
 h - a potion of resistance
 k - 3 potions of curing
 p - 3 potions of haste
 s - a potion of magic
 u - 2 potions of heal wounds
 A - 2 potions of ambrosia


   Skills:
 * Level 8.5 Fighting
 - Level 1.7 Throwing
 + Level 4.7 Armour
 * Level 7.4 Dodging
 * Level 8.8 Unarmed Combat


You had 9 spell levels left.
You didn't know any spells.
Your spell library contained the following spells:

 Spells                   Type           Power        Failure   Level
 Magic Dart               Conj           0%           99%         1
 Sandblast                Erth           0%           99%         1
 Blink                    Tloc           N/A          100%        2
 Call Imp                 Summ           0%           100%        2
 Passwall                 Tmut/Erth      0%           100%        2
 Slow                     Hex            0%           100%        2
 Conjure Flame            Conj/Fire      0%           100%        3
 Mephitic Cloud           Conj/Pois/Air  0%           100%        3
 Stone Arrow              Conj/Erth      0%           100%        3
 Petrify                  Tmut/Erth      0%           100%        4
 Lee's Rapid Deconstruct  Erth           0%           100%        5


Dungeon Overview and Level Annotations

Branches:
Dungeon (9/15)             Temple (1/1) D:7            Lair (0/6) D:9
    Orc: D:9-12

Altars:
Ashenzari
Cheibriados
Dithmenos
Elyvilon
Fedhas
Gozag
Hepliaklqana
Kikubaaqudgha
Makhleb
Nemelex Xobeh
Qazlal
Ru
Sif Muna
Trog
Uskayaw
Vehumet
Wu Jian
Xom
Yredelemnul
Zin
The Shining One

Shops:
D:5 }   D:7 ?

Annotations:
D:4 2 transporters, Life0's ghost, amateur OpFi; Sigmund


Innate Abilities, Weirdness & Mutations

You thrive by killing the living.
You are immune to poison.
You have sharp fingernails.
Your flesh is cold resistant. (rC+)
You are immune to negative energy. (rN+++)
You do not regenerate when monsters are visible.
You are immune to unholy pain and torment.
You can survive without breathing.


Message History

You claw the death yak!
The death yak is heavily wounded.
The death yak gores you!
You claw the death yak!
The death yak is heavily wounded.
The death yak gores you.
* * * LOW HITPOINT WARNING * * *
You scratch the death yak but do no damage.
The death yak is heavily wounded.
You scratch the death yak.
The death yak is severely wounded.
The death yak gores you but does no damage.
You scratch the death yak. You claw the death yak!
The death yak is severely wounded.
The death yak gores you.
* * * LOW HITPOINT WARNING * * *
You claw the death yak!
The death yak is almost dead.
The death yak gores you!!
You die...

##.....# #.# ..###### #.# #.##
#.# #..# #.######.# ##.#
#.#......# ......
##.##########.#.######. ......
.................[....> ......
###.#######.#.#.########.Y...>
#..# #.#.).@YY#.......#.. ##.#
#.#.####F#$#.r......
#.######....).rr#.#rY......
#.##.. ....###Yr#.rrr......
####..#.#####.#...rr...##.#.##
...##.#.# #......Y.r###
...##...# .......#........#
...###..# ###.#############
...# #..###....


You could see 2 death yaks and a bullfrog.

Vanquished Creatures
  A two-headed ogre (D:8)
  2 trolls
  2 water moccasins
  An ice beast (D:5)
  3 orc warriors
  A sky beast (D:9)
  5 ogres
  A black bear (D:3)
  A phantom (D:8)
  3 bullfrogs
  2 scorpions
  2 centaur skeletons
  4 hounds
  2 orc priests
  A jelly (D:5)
  4 orc wizards
  A bullfrog skeleton (D:5)
  2 iguanas (D:5)
  4 worker ants
  A hound zombie (D:7)
  A worker ant zombie (D:5)
  6 gnolls
  10 adders
  3 shadow imps
  2 ufetubi
  An ooze (D:1)
  An adder zombie (D:6)
  2 worms
  A dart slug (D:3)
  3 leopard geckos
  17 orcs
  6 giant cockroaches
  5 goblins
  7 hobgoblins
  16 jackals
  2 quokkas
  3 ball pythons
  7 bats
  7 frilled lizards
  4 kobolds
  A leopard gecko zombie (D:5)
  10 rats
158 creatures vanquished.

Notes
Turn   | Place    | Note
-------+----------+-------------------------------------------
     0 | D:1      | Borgoz the Ghoul Gladiator began the quest for the Orb.
     0 | D:1      | Reached XP level 1. HP: 17/17 MP: 0/0
   153 | D:1      | Reached XP level 2. HP: 23/25 MP: 1/1
   868 | D:2      | Reached XP level 3. HP: 28/30 MP: 2/2
   890 | D:2      | Reached skill level 1 in Armour
   908 | D:2      | Reached XP level 4. HP: 10/38 MP: 3/3
  1971 | D:3      | Reached XP level 5. HP: 7/45 MP: 4/4
  2407 | D:3      | Noticed a black bear
  2425 | D:3      | Killed a black bear
  2426 | D:3      | Reached XP level 6. HP: 17/52 MP: 5/5
  2643 | D:3      | Found an ancient bone altar of Kikubaaqudgha.
  2748 | D:3      | Found a hide-covered altar of Uskayaw.
  2748 | D:3      | Found a shadowy altar of Dithmenos.
  2991 | D:4      | Noticed Sigmund
  3140 | D:3      | Reached skill level 5 in Unarmed Combat
  3314 | D:3      | Reached XP level 7. HP: 37/60 MP: 6/6
  3706 | D:4      | Reached skill level 5 in Fighting
  3791 | D:4      | Found a transporter.
  3795 | D:4      | Noticed Life0's ghost (amateur OpFi)
  3796 | D:4      | Found a transporter.
  3926 | D:5      | Entered Level 5 of the Dungeon
  4260 | D:5      | Found Vuefeat's Gadget Shop.
  4352 | D:5      | Found a bloodstained altar of Trog.
  4459 | D:5      | Reached skill level 5 in Dodging
  4459 | D:5      | Reached XP level 8. HP: 69/69 MP: 7/7
  4658 | D:5      | Found an ornate altar of the Wu Jian Council.
  5551 | D:6      | Noticed a troll
  5562 | D:6      | Killed a troll
  6161 | D:6      | Reached XP level 9. HP: 78/78 MP: 8/8
  6392 | D:7      | Found Solaisam's Magic Scroll Shop.
  6408 | D:7      | Bought a scroll of identify for 28 gold pieces
  6662 | D:7      | Found a staircase to the Ecumenical Temple.
  6700 | Temple   | Entered the Ecumenical Temple
  6884 | Temple   | Became a worshipper of Ashenzari the Shackled
  7271 | D:8      | Identified the +3 chain mail of Fuixudgh {rF+}
  7380 | D:8      | Noticed a two-headed ogre
  7397 | D:8      | Killed a two-headed ogre
  7785 | D:9      | Reached XP level 10. HP: 71/90 MP: 9/9
  7879 | D:9      | Found a glowing silver altar of Zin.
  7904 | D:9      | Identified the cursed +1 chain mail "Boholea" {rPois
                  | Slay+5}
  8099 | D:9      | Identified a scroll of acquirement
  8100 | D:9      | Acquired the cursed ring of Psychosis {EV+4 Int+5 Dex+4}
  8376 | D:9      | Noticed a death yak
  8378 | D:9      | Noticed a death yak
  8379 | D:9      | Found a staircase to the Lair.
  8379 | D:9      | Noticed a death yak
  8407 | D:9      | Slain by a death yak

Illustrated notes

Levels and vault maps discovered:
D:1:      amcnicky_arrival_gap_in_the_tavern_cellar, layout_basic
D:2:      layout_loops_cross
D:3:      layout_basic, grunt_temple_overflow_open, minmay_checkerbox
D:4:      layout_cave_pools, gammafunk_ghost_smash, uniq_sigmund
D:5:      layout_basic, kennysheep_mini_moat, serial_shops,
          nicolae_shop_temple_entry_statues_fountains, bloody_trog
D:6:      layout_loops_corners
D:7:      layout_rooms, minmay_temple_entry_sparse_star, serial_shops, shop
D:8:      minmay_angry_zag, layout_basic
D:9:      layout_basic, okawaru_altar_gauntlet_db, kennysheep_mini,
          dpeg_lair_monsters
Temple:   eino_temple_rhombus

Skill      XL: |  1  2  3  4  5  6  7  8  9 |
---------------+----------------------------+-----
Dodging        | 3 4 5 6 7 |  7.4
Fighting       | 3 4 5 6 8 |  8.5
Armour         | 1 2 3 4 |  4.7
Unarmed Combat | 4 5 6 7 8 |  8.8
Throwing       | |  1.7

Action                   |  1- 3 |  4- 6 |  7- 9 | 10-12 || total
-------------------------+-------+-------+-------+-------++-------
Melee: Unarmed           |    74 |   236 |   315 |    23 ||   648
       Punch             |     1 |     2 |    13 |     1 ||    17
Throw: Throwing net      |       |     2 |     3 |       ||     5
Invok: Curse Item        |       |       |     1 |       ||     1
  Use: Potion            |     1 |       |     2 |       ||     3
       Scroll            |       |       |     8 |     3 ||    11
 Stab: Held in net/web   |       |     2 |     1 |       ||     3
Armor: Leather armour    |    27 |    58 |     1 |       ||    86
       Ring mail         |       |       |    50 |     2 ||    52
       Chain mail        |       |       |       |     6 ||     6
Dodge: Dodged            |    55 |   175 |   196 |    18 ||   444

Table legend: (Time is in decaauts)
 A = Elapsed time spent in this place.
 B = Non-inter-level travel time spent in this place.
 C = Inter-level travel time spent in this place.
 D = Time resting spent in this place.
 E = Time spent auto-exploring this place.
 F = Levels seen in this place.
 G = Mean time per level.
                   A        B        C        D        E       F      G
               +--------+--------+--------+--------+--------+-----+--------+
         Total |   8338 |   8142 |    196 |   2487 |   4517 |  10 |  833.8 |
       Dungeon |   8137 |   7985 |    152 |   2487 |   4363 |   9 |  904.1 |
        Temple |    200 |    156 |     44 |      0 |    154 |   1 |  200.0 |
               +--------+--------+--------+--------+--------+-----+--------+

Top non-repeatable levels by time:
     D:3: 1560 daAuts
     D:5: 1217 daAuts
     D:6: 1083 daAuts
     D:2: 1078 daAuts
     D:1: 848 daAuts
     D:8: 739 daAuts
     D:9: 660 daAuts
     D:7: 532 daAuts
     D:4: 416 daAuts
  Temple: 200 daAuts
